 Dungeon Crawl Stone Soup version 0.21.1-1-g345015fe64 (webtiles) character file.

5791 Loge the Cleaver (level 10, -1/136 HPs)
             Began as a Minotaur Berserker on July 15, 2018.
             Was a High Priest of Trog.
             Killed from afar by a shock serpent (10 damage)
             ... with an electric aura
             ... on level 8 of the Dungeon.
             The game lasted 00:16:22 (6774 turns).

Loge the Cleaver (Minotaur Berserker)               Turns: 6774, Time: 00:16:23

Health: -1/136     AC: 22    Str: 29    XL:     10   Next: 50%
Magic:  9/9        EV: 11    Int:  4    God:    Trog [*****.]
Gold:   567        SH:  4    Dex: 11    Spells: 9/9 levels left

rFire    . . .     SeeInvis .   t - +0 war axe
rCold    . . .     Gourm    .   L - +0 buckler
rNeg     . . .     Faith    .   u - +0 chain mail
rPois    .         Spirit   .   (helmet restricted)
rElec    .         Reflect  .   a - +2 cloak
rCorr    +         Harm     .   E - +2 pair of gloves
MR       .....                  (no boots)
Stlth    ..........             (no amulet)
HPRegen  0.32/turn              D - ring of resist corrosion
MPRegen  0.11/turn              e - +4 ring of protection

@: berserking, very quick
A: retaliatory headbutt, horns 2
a: Berserk, Trog's Hand, Brothers in Arms, Burn Spellbooks, Renounce Religion


You were on level 8 of the Dungeon.
You worshipped Trog.
Trog was extremely pleased with you.
You were very hungry.

You visited 1 branch of the dungeon, and saw 9 of its levels.

You collected 567 gold pieces.

Inventory:

Hand Weapons
 t - a +0 war axe (weapon)
 A - a +0 hunting sling
 H - a +1 whip of flaming
Missiles
 f - 5 tomahawks
 i - 68 sling bullets
 k - 123 arrows
 l - 370 stones (quivered)
 I - 8 javelins
Armour
 a - a +2 cloak (worn)
 u - a +0 chain mail (worn)
 E - a +2 pair of gloves (worn)
 L - a +0 buckler (worn)
 M - a +0 shield
Jewellery
 d - an uncursed ring of fire
 e - a +4 ring of protection (right hand)
 g - an uncursed ring of protection from cold
 D - a ring of resist corrosion (left hand)
 O - an uncursed ring of protection from cold
Wands
 o - a wand of acid (11)
 B - a wand of random effects (31)
Scrolls
 h - 4 scrolls of teleportation {unknown}
 j - a scroll of amnesia {unknown}
 m - 2 scrolls of fear {unknown}
 p - 7 scrolls of remove curse
 q - 2 scrolls of blinking
 r - 2 scrolls of immolation {unknown}
 w - 3 scrolls of noise {unknown}
 y - 2 scrolls of enchant weapon {unknown}
 P - a scroll of silence {unknown}
Potions
 b - 2 potions of might
 n - 6 potions of curing
 s - a potion of mutation {unknown}
 x - a potion of cancellation
 z - 2 potions of brilliance
 C - 2 potions of flight
 F - a potion of ambrosia
 J - 2 potions of berserk rage
 N - a potion of resistance
Comestibles
 c - 15 rations
 K - 8 chunks of flesh


   Skills:
 + Level 9.4 Fighting
 * Level 12.5 Axes
 + Level 9.1 Armour
 + Level 6.0 Dodging
 - Level 4.0 Shields


You had 9 spell levels left.
You didn't know any spells.

Dungeon Overview and Level Annotations

Branches:
Dungeon (9/15)             Temple (0/1) D:7
   Lair: D:8-11         Orc: D:9-12

Altars:
Dithmenos
Elyvilon
Kikubaaqudgha
Okawaru
Qazlal
Sif Muna
Uskayaw
Xom
Yredelemnul

Shops:
D:4 *   D:9 !


Innate Abilities, Weirdness & Mutations

You reflexively headbutt those who attack you in melee.
You have a pair of horns on your head.


Message History

The shock serpent's electric aura discharges, shocking you!
* * * LOW HITPOINT WARNING * * *
The troll bites you but does no damage. You block the troll's attack.
The troll barely misses you.
The shock serpent bites you but does no damage.
You climb upwards.
There is a stone staircase leading down here.
A red film seems to cover your vision as you go berserk!
You feel yourself moving faster!
You feel mighty!
You are feeling very hungry.
The shock serpent bites you but does no damage.
The troll barely misses you. The troll claws you.
* * * LOW HITPOINT WARNING * * *
The troll claws you!
* * * LOW HITPOINT WARNING * * *
You slash the troll!
The troll is heavily wounded.
You slash the shock serpent!
The shock serpent's electric aura discharges, shocking you!
You die...

##....'....#.........#...#
##....##.>####'##....#...#
#############..##....#..#####
......#....#...#.....'..##..##
......#....#...#.....#.......#
########'########....#.......#
##....##..##...##...##..##..##
.................S..#########
................@T...#
##...###'####'###....#
##...###..##...##....#
.#...#..............#########
.+...#..............##......##
.#...#.......................#
.#...#.......................#
##...####.###..##............#
##..)#########'##............#


You could see a shock serpent and a troll.

Vanquished Creatures
  The ghost of KarvaRausku the Cleaver, a novice MiGl of Okawaru (D:8)
  Pikel (D:4)
  The ghost of smiqu the Cudgeler, a novice OgWn (D:5)
  A queen bee (D:8)
  A hippogriff (D:8)
  A steam dragon (D:6)
  A chaos spawn (D:9)
  A sky beast (D:6)
  An orc warrior (D:8)
  An ice beast (D:9)
  2 phantoms
  3 ogres
  2 centaurs
  3 bullfrogs (D:6)
  5 scorpions
  20 killer bees
  A howler monkey (D:4)
  4 wights (D:8)
  A crimson imp (D:5)
  2 centaur zombies
  A quasit (D:7)
  3 hounds
  4 orc priests
  3 bullfrog skeletons
  3 jellies
  4 iguanas
  Ijyb (D:3)
  Natasha (thrice) (D:4)
  6 orc wizards
  4 worker ants
  A hound skeleton (D:8)
  Robin (D:4)
  A worker ant zombie (D:5)
  11 adders
  A shadow imp (D:6)
  An ooze (D:5)
  An adder zombie (D:8)
  An adder skeleton (D:8)
  2 worms
  5 leopard geckos
  21 orcs
  5 bats
  7 giant cockroaches
  22 goblins
  9 hobgoblins
  14 jackals
  3 quokkas
  2 ball pythons (D:3)
  2 frilled lizards
  A jackal zombie (D:6)
  8 kobolds
  A quokka zombie (D:5)
  7 rats
212 creatures vanquished.

Vanquished Creatures (others)
  A human (D:4)
  A jackal (D:4)
  A frilled lizard (D:4)
3 creatures vanquished.

Grand Total: 215 creatures vanquished

Notes
Turn   | Place    | Note
-------+----------+-------------------------------------------
     0 | D:1      | Loge the Minotaur Berserker began the quest for the Orb.
     0 | D:1      | Reached XP level 1. HP: 19/19 MP: 0/0
   146 | D:1      | Reached XP level 2. HP: 26/27 MP: 1/1
   159 | D:1      | Reached skill level 4 in Axes
   893 | D:2      | Reached XP level 3. HP: 32/33 MP: 2/2
  1106 | D:2      | Reached ** piety under Trog
  1477 | D:2      | Reached XP level 4. HP: 34/40 MP: 3/3
  1718 | D:3      | Reached skill level 5 in Axes
  1764 | D:3      | Found a hide-covered altar of Uskayaw.
  1813 | D:3      | Reached XP level 5. HP: 46/47 MP: 4/4
  1954 | D:3      | Found a deep blue altar of Sif Muna.
  2063 | D:3      | Reached *** piety under Trog
  2108 | D:3      | Noticed Ijyb
  2117 | D:3      | Killed Ijyb
  2373 | D:4      | Noticed Natasha
  2382 | D:4      | Killed Natasha
  2439 | D:4      | Found Ymuq's Assorted Antiques.
  2448 | D:4      | Reached skill level 6 in Axes
  2448 | D:4      | Reached XP level 6. HP: 55/55 MP: 5/5
  2591 | D:4      | Reached skill level 5 in Fighting
  2656 | D:4      | Noticed Robin
  2669 | D:4      | Killed Robin
  2750 | D:4      | Noticed Pikel
  2750 | D:4      | Noticed a slave
  2750 | D:4      | Noticed a slave
  2751 | D:4      | Noticed a slave
  2752 | D:4      | Noticed a slave
  2777 | D:4      | Killed Pikel
  2777 | D:4      | Reached **** piety under Trog
  2777 | D:4      | Reached skill level 7 in Axes
  2777 | D:4      | Reached skill level 5 in Armour
  2777 | D:4      | Reached XP level 7. HP: 41/62 MP: 6/6
  2914 | D:4      | Found an ancient bone altar of Kikubaaqudgha.
  2915 | D:4      | Noticed a human
  2919 | D:4      | Killed a human
  3016 | D:4      | Found a white marble altar of Elyvilon.
  3033 | D:4      | Noticed Natasha
  3040 | D:4      | Killed Natasha
  3067 | D:4      | Noticed Natasha
  3072 | D:4      | Killed Natasha
  3375 | D:5      | Entered Level 5 of the Dungeon
  3392 | D:5      | Noticed smiqu's ghost (novice OgWn)
  3392 | D:5      | Reached skill level 8 in Axes
  3392 | D:5      | Reached XP level 8. HP: 70/70 MP: 7/7
  3413 | D:5      | Killed smiqu's ghost
  3413 | D:5      | Reached skill level 5 in Dodging
  3650 | D:5      | Reached skill level 9 in Axes
  4240 | D:5      | Reached skill level 1 in Shields
  4415 | D:6      | Reached XP level 9. HP: 78/79 MP: 8/8
  4550 | D:6      | Reached skill level 10 in Axes
  4628 | D:6      | Reached ***** piety under Trog
  5195 | D:7      | Found a basalt altar of Yredelemnul.
  5293 | D:7      | Found a staircase to the Ecumenical Temple.
  5574 | D:7      | Found a shadowy altar of Dithmenos.
  5596 | D:7      | Received a gift from Trog
  5939 | D:8      | Reached skill level 11 in Axes
  5946 | D:8      | Found an iron altar of Okawaru.
  5953 | D:8      | Noticed a queen bee
  5959 | D:8      | Reached XP level 10. HP: 77/90 MP: 9/9
  6015 | D:8      | Received a gift from Trog
  6209 | D:8      | Noticed KarvaRausku's ghost (novice MiGl)
  6218 | D:8      | Killed KarvaRausku's ghost
  6218 | D:8      | Reached skill level 12 in Axes
  6402 | D:8      | Found an ancient bone altar of Kikubaaqudgha.
  6402 | D:8      | Found a stormy altar of Qazlal.
  6411 | D:8      | Found a faded altar of an unknown god.
  6413 | D:8      | Found a shimmering altar of Xom.
  6415 | D:8      | Found a faded altar of an unknown god.
  6681 | D:9      | Found Jasug's Distillery.
  6738 | D:9      | Noticed a two-headed ogre
  6746 | D:9      | Noticed a shock serpent
  6746 | D:9      | a two-headed ogre changed into a shock serpent
  6774 | D:8      | Killed from afar by a shock serpent

Skill      XL: |  1  2  3  4  5  6  7  8  9 10 |
---------------+-------------------------------+-----
Axes           | 4 5 6 7 8 9 11 12 | 12.5
Fighting       | 4 5 6 7 8 9 |  9.4
Armour         | 3 4 5 6 8 9 |  9.1
Dodging        | 3 4 5 6 |  6.0
Shields        | 1 4 |  4.0

Action                   |  1- 3 |  4- 6 |  7- 9 | 10-12 || total
-------------------------+-------+-------+-------+-------++-------
Melee: Hand axe          |    85 |    18 |       |       ||   103
       Headbutt          |    13 |    20 |    39 |    21 ||    93
       War axe           |       |   130 |   230 |    87 ||   447
Invok: Berserk           |     1 |       |     3 |     2 ||     6
  Use: Scroll            |       |     6 |     3 |     3 ||    12
  Eat: Chunk             |     2 |     5 |    12 |     4 ||    23
Armor: Animal skin       |    13 |       |       |       ||    13
       Ring mail         |    11 |     5 |       |       ||    16
       Chain mail        |       |    55 |   176 |    66 ||   297
Dodge: Dodged            |    60 |    89 |   134 |    52 ||   335
Block: Buckler           |       |       |    39 |    21 ||    60
